 Dungeon Crawl Stone Soup version 0.28-a0-1506-g3893175d92 (webtiles) character file.

Game seed: 42360332905202745

107 tatocazan the Skirmisher (level 4, -13/29 HPs)
             Began as a Gargoyle Fighter on Jan 13, 2022.
             Killed from afar by Ijyb (34 damage)
             ... with a bolt of acid
             ... on level 3 of the Dungeon.
             The game lasted 00:03:52 (2674 turns).

tatocazan the Skirmisher (Gargoyle Fighter)         Turns: 2674, Time: 00:03:52

Health: -13/29     AC: 10    Str: 22    XL:     4   Next: 85%
Magic:  4/4        EV:  8    Int:  8    God:
Gold:   86         SH:  7    Dex:  9    Spells: 3/3 levels left

rFire   . . .      SeeInvis +   m - +0 morningstar
rCold   . . .      Faith    .   h - +0 kite shield
rNeg    + . .      Spirit   .   b - +0 scale mail
rPois   ∞          Reflect  .   (no helmet)
rElec   +          Harm     .   (no cloak)
rCorr   .          Rampage  .   (no gloves)
Will    .....                   (no boots)
Stlth   ..........              (no amulet)
HPRegen 0.09/turn               n - ring of see invisible
MPRegen 0.09/turn               (no ring)

@: no status effects
A: sickness immunity, AC +3, negative energy resistance 1, electricity
resistance, torment resistance 1, petrification resistance
a: no special abilities


You were on level 3 of the Dungeon.
You visited 1 branch of the dungeon, and saw 3 of its levels.

You collected 86 gold pieces.

Inventory:

Hand Weapons
 a - a +0 flail
 m - a +0 morningstar (weapon)
Armour
 b - a +0 scale mail (worn)
 c - a +0 buckler
 h - a +0 kite shield (worn)
Jewellery
 i - a ring of flight
 n - a ring of see invisible (left hand)
Scrolls
 e - a scroll of identify {unknown}
 k - a scroll of enchant weapon {unknown}
 l - a scroll of teleportation {unknown}
 o - a scroll of immolation {unknown}
 p - a scroll of noise {unknown}
Potions
 d - a potion of might
 f - a potion of invisibility {unknown}
 g - a potion of curing {unknown}
 j - a potion of brilliance {unknown}
 q - a potion of magic {unknown}


   Skills:
 + Level 3.9 Fighting
 * Level 3.4 Maces & Flails
 + Level 3.9 Armour
 + Level 1.3 Dodging
 - Level 3.2 Shields


You had 3 spell levels left.
You didn't know any spells.
Your spell library contained the following spells:

 Spells                   Type           Power      Damage    Failure   Level
 Summon Small Mammal      Summ           0%         N/A       98%         1
 Call Canine Familiar     Summ           0%         N/A       100%        3
 Summon Guardian Golem    Hex/Summ       0%         N/A       100%        3


Dungeon Overview and Level Annotations

Branches:
Dungeon (3/15)

Altars:

Shops:
D:2 *   D:3 *

Annotations:
D:3 Ijyb


Innate Abilities, Weirdness & Mutations

You are immune to sickness and miasma.
Your stone body is resilient. (AC +3)
You are immune to poison.
You resist negative energy. (rN+)
You are resistant to electric shocks. (rElec)
You are resistant to unholy torment.
You are immune to petrification.


Message History

Found 6 boomerangs.
Found 4 large rocks.
No target in view!
No target in view!
Found a faded altar of an unknown god.
p - a scroll labelled ZITOF MOTZA You open the door.
A goblin comes into view. It is wielding a +0 club.
There is an open door here.
A goblin is nearby!
A goblin is nearby!
Found a smoky cyan potion.
The goblin hits you but does no damage.
You closely miss the goblin. The goblin barely misses you.
You closely miss the goblin. The goblin hits you but does no damage.
You block the goblin's attack.
You closely miss the goblin. The goblin hits you but does no damage.
You barely miss the goblin. You block the goblin's attack. x2
You barely miss the goblin. The goblin hits you but does no damage.
You closely miss the goblin. The goblin barely misses you. x2
You thump the goblin!
You kill the goblin!
No target in view!
No target in view!
q - a smoky cyan potion You open the door.
You open the door.
There is an open door here.
Found 16 bolts.
Found a leather armour.
You see here 16 bolts.
Found a stone staircase leading down.
Found a stone staircase leading down.
Ijyb the Twisted Goblin comes into view.
She is wielding a +0 dagger and carrying a wand of acid (10).
Ijyb shouts!
Ijyb zaps a wand.
The bolt of acid hits you!
You closely miss Ijyb. Ijyb barely misses you.
You miss Ijyb. Ijyb hits you but does no damage. You block Ijyb's attack.
You miss Ijyb.
Ijyb zaps a wand.
The bolt of acid hits you!!
Ouch! That really hurt!
You die...

#...(.....+.#
##########.........#.+
........##......##...#
......>.........##.#.#
...............###.###
............[.......
................## .
#######.........#
#..@.....>..
#..g.....###
#........+ #........#
####....... ######.


You could see Ijyb.

Vanquished Creatures
  A centaur skeleton (D:3)
  3 adders (D:2)
  2 worms
  An orc (D:3)
  5 bats
  5 endoplasms
  6 goblins
  2 hobgoblins (D:1)
  7 jackals
  A quokka (D:3)
  3 ball pythons
  3 kobolds
  2 rats
41 creatures vanquished.

Notes
Turn   | Place    | Note
-------+----------+-------------------------------------------
     0 | D:1      | tatocazan the Gargoyle Fighter began the quest for the Orb.
     0 | D:1      | Reached XP level 1. HP: 14/14 MP: 1/1
   187 | D:1      | Reached XP level 2. HP: 10/19 MP: 2/2
  1337 | D:2      | Reached XP level 3. HP: 23/23 MP: 3/3
  1861 | D:2      | Reached skill level 1 in Dodging
  1912 | D:2      | Found Mutadu's General Store.
  1943 | D:2      | Reached XP level 4. HP: 29/29 MP: 4/4
  2425 | D:3      | Found Esmiczun's Assorted Antiques.
  2611 | D:3      | Found a faded altar of an unknown god.
  2668 | D:3      | Noticed Ijyb
  2674 | D:3      | Killed from afar by Ijyb

Illustrated notes

Levels and vault maps discovered:
D:1:      sevenhm_arrival_forest_fort_small_3, layout_basic, st_stairs_12
D:2:      layout_basic, serial_shops, shop
D:3:      layout_basic, serial_shops, shop, shop,
          hellmonk_ecumenical_altar_leap_of_faith, minmay_starry_boxes,
          uniq_ijyb

Skill      XL: |  1  2  3 |
---------------+----------+-----
Dodging        | 1 |  1.3
Maces & Flails | 3 |  3.4
Fighting       | |  3.9
Armour         | |  3.9
Shields        | |  3.2

Action                   |  1- 3 |  4- 6 || total
-------------------------+-------+-------++-------
Melee: Flail             |    77 |    23 ||   100
       Morningstar       |       |    41 ||    41
Armor: Scale mail        |    48 |    83 ||   131
Dodge: Dodged            |    38 |    54 ||    92
Block: Buckler           |    10 |       ||    10
       Kite shield       |    19 |    52 ||    71

Table legend: (Time is in decaauts)
 A = Elapsed time spent in this place.
 B = Non-inter-level travel time spent in this place.
 C = Inter-level travel time spent in this place.
 D = Time resting spent in this place.
 E = Time spent auto-exploring this place.
 F = Levels seen in this place.
 G = Mean time per level.
                   A        B        C        D        E       F      G
               +--------+--------+--------+--------+--------+-----+--------+
         Total |   2731 |   2694 |     37 |    801 |   1512 |   3 |  910.3 |
       Dungeon |   2731 |   2694 |     37 |    801 |   1512 |   3 |  910.3 |
               +--------+--------+--------+--------+--------+-----+--------+

Top non-repeatable levels by time:
     D:2: 1222 daAuts
     D:1: 1106 daAuts
     D:3: 402 daAuts
